 Dungeon Crawl Stone Soup version 0.18-a0-1084-g259f6cf (console) character file.

2708 FIQ the Cleaver (level 9, -2/79 HPs)
             Began as a Hill Orc Fighter on Jan 15, 2016.
             Was a Priest of Beogh.
             Slain by a killer bee (6 damage)
             ... on level 7 of the Dungeon.
             The game lasted 00:13:00 (6113 turns).

FIQ the Cleaver (Hill Orc Fighter)                  Turns: 6113, Time: 00:13:00

Health: -2/79      AC:  9    Str: 24    XL:     9   Next: 66%
Magic:  9/9        EV:  8    Int: 11    God:    Beogh [***...]
Gold:   347        SH: 12    Dex: 13    Spells: 0 memorised, 8 levels left

rFire  . . .     SeeInvis +     a - +1 war axe
rCold  . . .     Gourm    .     b - +0 scale mail
rNeg   . . .     Faith    .     c - +0 shield
rPois  .         Spirit   .     (helmet restricted)
rElec  +         Dismiss  .     (no cloak)
rCorr  .         Reflect  .     (no gloves)
SustAt .         Harm     .     (no boots)
MR     .....     Rnd*Rage +     (no amulet)
Stlth  ..........               j - ring of see invisible
                                w - +3 ring of intelligence

@: mighty, lethally poisoned (-2 -> -3), invisible, not resistant to hostile
enchantments, extremely unstealthy
A: horns 2, molten scales 1, berserk 1, electricity resistance
a: Smiting, Renounce Religion


You were on level 7 of the Dungeon.
You worshipped Beogh.
Beogh was most pleased with you.
You were not hungry.

You visited 1 branch of the dungeon, and saw 7 of its levels.
You also visited: Ossuary.

You collected 347 gold pieces.

Inventory:

Hand Weapons
 a - a +1 war axe (weapon)
Armour
 b - a +0 scale mail (worn)
 c - a +0 shield (worn)
Jewellery
 g - an uncursed ring of flight
 j - a ring of see invisible (right hand)
 w - a +3 ring of intelligence (left hand)
Wands
 t - a wand of polymorph (6/24)
Scrolls
 i - a scroll of fog
 k - a scroll of brand weapon {unknown}
 m - 9 scrolls of identify
 o - a scroll of teleportation
 p - a scroll of blinking
 s - 3 scrolls of remove curse
 y - a scroll of recharging {unknown}
Potions
 e - a potion of cancellation
 h - a potion of curing
 q - a potion of invisibility
 v - 3 potions of ambrosia {unknown}
Books
 x - a book of the Earth

   Spells                             Type                      Level
   a - Leda's Liquefaction            Hexes/Earth                  4
   b - Bolt of Magma                  Conjuration/Fire/Earth       5
   c - Statue Form                    Transmutation/Earth          6
   d - Iron Shot                      Conjuration/Earth            6
   e - Shatter                        Earth                        9
Comestibles
 d - 5 meat rations
 f - 7 bread rations
 l - a slice of pizza
 r - a royal jelly
 u - a beef jerky
 z - 2 chunks of flesh
 A - 3 fruits


   Skills:
 + Level 7.5 Fighting
 * Level 10.9 Axes
 + Level 7.5 Armour
 + Level 6.9 Shields


You had 8 spell levels left.
You didn't know any spells.

Dungeon Overview and Level Annotations

Branches:
Dungeon (7/15)             Temple (0/1) D:4

Altars:
Ashenzari
Nemelex Xobeh
Trog
Yredelemnul


Innate Abilities, Weirdness & Mutations

You have a pair of horns on your head.
You are partially covered in molten scales (AC +1).
You tend to lose your temper in combat.
You are resistant to electric shocks.


Message History

You swap places.
The killer bee stings your orc!
Your orc dies!
The killer bee stings your orc.
Your orc barely misses the killer bee. x2
The killer bee closely misses your orc. The sky beast closely misses your orc.
You feel sick. The killer bee stings your orc!
Your orc dies!
The killer bee stings your orc.
Your orc dies!
The killer bee barely misses your orc priest.
The sky beast misses your orc priest.
Your shield and scale mail prevent you from hitting the killer bee.
Your headbutt misses the killer bee. The killer bee barely misses you.
The killer bee stings your orc priest.
Your orc priest is poisoned.
The killer bee poisons your orc priest! The killer bee barely misses you.
The sky beast hits your orc. The sky beast shocks your orc.
Your shield and scale mail prevent you from hitting the killer bee.
You feel sick. You block the killer bee's attack.
The killer bee closely misses you.
Your orc closely misses the sky beast.
Drink which item? (? for menu, Esc to quit)
You fade into invisibility!
The killer bee barely misses you. The killer bee stings you.
You die...

######################
......oo..............
).....Y)y@........#
......†#y.........#
.......#..........#
.....$.#..........#
.......#..........##
.......#...........####
##.#####..............###
#. #.....)....###.....
##########.# # #. #.# ###
#.######..


You could see a sky beast (invisible), 2 killer bees, a friendly orc priest and
a friendly orc.

Vanquished Creatures
  The ghost of P0WERM0DE the Skirmisher, an amateur OpWn of Nemelex Xobeh (D:4)
  Duvessa (D:7)
  An ice beast (D:7)
  An orc warrior (D:7)
  A necrophage (D:6)
  A phantom (D:4)
  2 sky beasts (D:6)
  2 ogres
  An eye of draining (D:3)
  A centaur (D:6)
  4 giant frogs
  Dowan (D:7)
  10 killer bees (D:7)
  A human zombie (Ossuary)
  2 centaur zombies (Ossuary)
  A hound (D:4)
  2 orc wizards
  4 orc priests
  A giant frog skeleton (D:5)
  Jessica (D:2)
  Natasha (D:4)
  5 worker ants
  A big kobold zombie (Ossuary)
  2 mummies (Ossuary)
  7 gnolls (D:3)
  8 adders
  A shadow imp (D:6)
  An ooze (D:5)
  An adder zombie (Ossuary)
  2 adder skeletons
  3 worms
  7 giant geckos
  23 orcs
  6 giant cockroaches
  A goblin (D:3)
  7 hobgoblins
  4 jackals
  2 quokkas
  4 bats (D:1)
  A giant gecko zombie (D:5)
  A giant newt (D:1)
  2 goblin zombies (Ossuary)
  9 hobgoblin zombies (Ossuary)
  A jackal skeleton (D:4)
  A jackal zombie (Ossuary)
  6 kobolds
  13 kobold zombies (Ossuary)
  6 orc zombies (Ossuary)
  A quokka skeleton (D:6)
  A quokka zombie (D:5)
  17 rats
  A rat zombie (Ossuary)
185 creatures vanquished.

Vanquished Creatures (collateral kills)
  A worker ant (D:7)
1 creature vanquished.

Vanquished Creatures (others)
  An orc wizard (D:4)
  Natasha (D:4)
  3 orcs (D:7)
  A jackal (D:4)
  A fungus (D:6)
7 creatures vanquished.

Grand Total: 193 creatures vanquished

Notes
Turn   | Place    | Note
--------------------------------------------------------------
     0 | D:1      | FIQ the Hill Orc Fighter began the quest for the Orb.
     0 | D:1      | Reached XP level 1. HP: 19/19 MP: 1/1
   324 | D:1      | Reached XP level 2. HP: 18/27 MP: 2/2
   656 | D:1      | Reached XP level 3. HP: 33/33 MP: 3/3
   710 | D:1      | Reached skill level 4 in Fighting
  1479 | D:2      | Noticed Jessica
  1484 | D:2      | Killed Jessica
  1484 | D:2      | Reached XP level 4. HP: 40/40 MP: 4/4
  1560 | D:2      | Found a basalt altar of Yredelemnul.
  1760 | D:3      | Reached XP level 5. HP: 26/47 MP: 5/5
  2235 | D:3      | Gained mutation: You are partially covered in molten scales (AC +1). [potion of mutation]
  2235 | D:3      | Gained mutation: You are frail (-10% HP). [potion of mutation]
  2235 | D:3      | Gained mutation: You have a pair of small horns on your head. [potion of mutation]
  2247 | D:3      | Reached skill level 5 in Axes
  2599 | D:3      | Noticed an eye of draining
  2603 | D:3      | Found a bloodstained altar of Trog.
  2608 | D:3      | Killed an eye of draining
  2608 | D:3      | Reached XP level 6. HP: 49/49 MP: 0/6
  2789 | D:4      | Reached skill level 6 in Axes
  2802 | D:4      | Noticed a phantom
  2821 | D:4      | Killed a phantom
  2821 | D:4      | Reached skill level 5 in Fighting
  2830 | D:4      | Noticed P0WERM0DE's ghost (amateur OpWn)
  2837 | D:4      | Killed P0WERM0DE's ghost
  2837 | D:4      | Reached skill level 7 in Axes
  2837 | D:4      | Reached skill level 5 in Armour
  2837 | D:4      | Reached skill level 5 in Shields
  2837 | D:4      | Reached XP level 7. HP: 21/54 MP: 7/7
  3061 | D:4      | Found a staircase to the Ecumenical Temple.
  3143 | D:4      | Became a worshipper of Beogh the Brigand
  3318 | D:4      | Noticed Natasha
  3327 | D:4      | Killed Natasha
  3342 | D:4      | Gained mutation: You tend to lose your temper in combat. [potion of mutation]
  3343 | D:4      | Gained mutation: You are resistant to electric shocks. [potion of mutation]
  3343 | D:4      | Lost mutation: You are frail (-10% HP). [potion of mutation]
  3343 | D:4      | Gained mutation: You have a pair of horns on your head. [potion of mutation]
  3364 | D:4      | Killed Natasha
  3738 | D:5      | Entered Level 5 of the Dungeon
  3790 | D:5      | Reached XP level 8. HP: 63/70 MP: 8/8
  4379 | D:5      | Found a sparkling altar of Nemelex Xobeh.
  4395 | D:5      | Reached skill level 8 in Axes
  4681 | D:6      | Found a sand-covered staircase.
  4690 | Ossuary  | Entered an ossuary
  4706 | Ossuary  | Reached * piety under Beogh
  5047 | Ossuary  | Reached ** piety under Beogh
  5198 | D:6      | Found a shattered altar of Ashenzari.
  5202 | D:6      | Saw a vision of the Swamp and the Snake Pit.
  5202 | D:6      | Noticed a black mamba
  5202 | D:6      | Noticed an alligator
  5202 | D:6      | Noticed an alligator
  5202 | D:6      | Noticed an alligator
  5202 | D:6      | Noticed an alligator
  5203 | D:6      | Noticed a shock serpent
  5204 | D:6      | Noticed an anaconda
  5275 | D:6      | Reached skill level 9 in Axes
  5483 | D:7      | Reached XP level 9. HP: 77/77 MP: 9/9
  5484 | D:7      | Noticed Duvessa
  5484 | D:7      | Noticed Dowan
  5496 | D:7      | Killed Duvessa
  5496 | D:7      | Reached skill level 10 in Axes
  5508 | D:7      | Killed Dowan
  5965 | D:7      | Reached *** piety under Beogh
  6113 | D:7      | Slain by a killer bee

Vault maps used:
D:1:      erik_arrival_orb_chamber
D:2:      yredelemnul_altar_generic, uniq_jessica
D:3:      trog_eyes_of_draining
D:4:      temple_hall, uniq_natasha
D:5:      first_bread, nemelex_dance_club_becter
D:6:      enter_ossuary_1, grunt_ashenzari_visionary
D:7:      gammafunk_temple_overflow_wave, uniq_duvessa, uniq_pikel
Ossuary:  ossuary_tomb_1

Action                   |  1- 3 |  4- 6 |  7- 9 || total
-------------------------+-------+-------+-------++-------
Melee: War axe           |   108 |    83 |   280 ||   471
Invok: Convert to Beogh  |       |       |     1 ||     1
  Use: Potion            |       |     8 |    12 ||    20
       Scroll            |       |       |     9 ||     9
 Stab: Distracted        |       |       |     1 ||     1
       Invisible         |       |       |     6 ||     6
  Eat: Chunk             |     2 |     5 |    10 ||    17
       Pizza             |       |       |     1 ||     1
